Map: Dash and Terminal LE (Void)

Players

SolaCe (Nina)

  • Race: Protoss Protoss
  • League: Master

NightEnD - Winner!

  • Race: Protoss Protoss
  • League: Master

Event: ASL Season 5 Prime League LOTV Beta

VOD

Have the link to the VOD?

Description

Time

  • Played on: Oct. 1, 2015, 11:48 p.m.
  • Length: 7:41

All games in this series

Show
View Real Time Build Order
Export as new Build Order

SolaCe Protoss 

Build Orders:  

Get SALT Encoding   

  12  0:00  Probe (Chrono Boost)  
  13  0:10  Probe (Chrono Boost)  
  14  0:18  Pylon  
  14  0:22  Probe (Chrono Boost)  
  15  0:36  Probe (Chrono Boost)  
  15  0:38  Gateway  
  16  0:46  Probe (Chrono Boost)  
  16  0:47  Assimilator  
  17  0:54  Assimilator  
  17  0:56  Probe (Chrono Boost)  
  18  1:05  Probe (Chrono Boost)  
  18  1:10  Gateway  
  19  1:15  Probe (Chrono Boost)  
  20  1:26  Cybernetics Core  
  20  1:28  Probe (Chrono Boost)  
  21  1:38  Pylon  
  21  1:39  Probe (Chrono Boost)  
  22  1:49  Probe (Chrono Boost)  
  23  1:58  Pylon  
  23  2:02  Mothership Core (Chrono Boost)  
  23  2:04  Warp Gate  
  25  2:11  Stalker  
  27  2:19  Stalker  
  29  2:35  Robotics Facility  
  29  2:43  Pylon  
  28  2:51  Probe (Chrono Boost)  
  29  3:01  Gateway  
  29  3:20  Warp Prism (Chrono Boost)  
  29  3:25  Pylon  
  31  3:39  Nexus  
  31  3:43  Probe  
  32  3:53  Pylon  
  32  3:59  Probe  
  33  4:09  Sentry x3  
  39  4:14  Observer (Chrono Boost)  
  39  4:15  Probe  
  41  4:26  Pylon  
  41  4:27  Probe  
  42  4:40  Probe  
  47  4:48  Robotics Bay  
  47  4:52  Probe x2  
  44  4:58  Adept  
  47  5:02  Probe  
  47  5:04  Probe  
  49  5:11  Immortal (Chrono Boost)  
  49  5:12  Probe  
  53  5:16  Probe  
  55  5:22  Probe  
  55  5:28  Probe  
  57  5:29  Adept  
  57  5:32  Probe  
  60  5:40  Probe  
  60  5:42  Probe, Disruptor (Chrono Boost)  
  61  5:43  Stalker  
  67  5:55  Probe  
  67  5:57  Probe  
  69  6:04  Pylon  
  69  6:08  Gateway x2, Assimilator  
  69  6:11  Assimilator  
  69  6:14  Gateway  
  69  6:16  Disruptor (Chrono Boost)  
  70  6:28  Pylon  
  70  6:29  Pylon x2  
  70  6:30  Pylon  
  70  6:37  Adept  
  70  6:38  Adept x2  
  69  6:47  Disruptor (Chrono Boost)  
  64  7:01  Adept x2  
  64  7:02  Adept  
  45  7:17  Adept x2  
  39  7:24  Adept x2  
  39  7:29  Adept  
Show
View Real Time Build Order
Export as new Build Order

NightEnD Protoss - Winner!

Build Orders:  

Get SALT Encoding   

  12  0:00  Probe (Chrono Boost)  
  13  0:10  Probe (Chrono Boost)  
  14  0:17  Pylon  
  14  0:21  Probe (Chrono Boost)  
  15  0:35  Probe (Chrono Boost)  
  16  0:39  Gateway  
  16  0:45  Probe (Chrono Boost)  
  16  0:46  Assimilator  
  17  0:54  Probe (Chrono Boost)  
  18  0:58  Assimilator  
  18  1:04  Probe (Chrono Boost)  
  18  1:10  Pylon  
  19  1:14  Probe (Chrono Boost)  
  20  1:24  Probe (Chrono Boost)  
  21  1:28  Cybernetics Core  
  21  1:34  Probe (Chrono Boost)  
  22  1:44  Probe (Chrono Boost)  
  23  1:54  Probe (Chrono Boost)  
  24  2:03  Stalker (Chrono Boost)  
  24  2:04  Mothership Core (Chrono Boost)  
  24  2:05  Warp Gate  
  28  2:09  Pylon  
  28  2:22  Robotics Facility  
  28  2:24  Probe  
  29  2:31  Stalker (Chrono Boost)  
  31  2:41  Probe  
  32  2:53  Probe  
  33  3:03  Nexus  
  33  3:04  Pylon  
  33  3:10  Observer (Chrono Boost)  
  34  3:13  Stalker  
  34  3:19  Probe  
  37  3:30  Immortal (Chrono Boost)  
  41  3:38  Pylon  
  41  3:57  Gateway  
  41  3:59  Gateway  
  41  4:03  Pylon  
  41  4:10  Immortal (Chrono Boost)  
  41  4:15  Adept  
  47  4:22  Probe  
  47  4:23  Probe  
  49  4:32  Probe  
  49  4:35  Probe  
  51  4:45  Immortal (Chrono Boost)  
  51  4:48  Probe  
  51  4:49  Probe  
  57  4:58  Adept x2  
  60  5:00  Adept  
  62  5:16  Gateway  
  62  5:17  Gateway  
  62  5:18  Gateway  
  62  5:19  Observer (Chrono Boost)  
  63  5:29  Adept x2  
  63  5:30  Adept  
  63  5:32  Probe  
  70  5:39  Warp Prism (Chrono Boost)  
  72  5:51  Adept x3  
  77  6:01  Pylon  
  77  6:04  Pylon  
  77  6:05  Pylon  
  77  6:26  Adept  
  77  6:27  Adept x5  
  81  6:48  Adept x2  
  81  6:49  Adept x2  
  81  6:50  Adept  
  73  7:03  Adept  
  71  7:08  Adept  
  71  7:09  Adept x2  
  71  7:11  Adept x2  
  79  7:18  Observer (Chrono Boost)  
  60  7:31  Adept x6  
Tags
 
Add a new tag
Caveats
  • Supply blocks, unpowered buildings, or Contaminate may cause inaccurate times.
  • Supply counts are checked every 10 seconds.